 Dungeon Crawl Stone Soup version 0.28.0-47-ge53b351184 (webtiles) character file.

Game seed: 12758443067556653874

952 pkoi the Shield-Bearer (level 7, -7/59 HPs)
             Began as a Demigod Fighter on May 7, 2022.
             Mangled by an ogre
             ... wielding a +0 giant club
              (20 damage)
             ... on level 5 of the Dungeon on May 8, 2022.
             The game lasted 00:13:09 (8242 turns).

pkoi the Shield-Bearer (Demigod Fighter)            Turns: 8242, Time: 00:13:09

Health: -7/59      AC:  4    Str: 17    XL:     7   Next: 59%
Magic:  7/12       EV: 11    Int: 14    God:
Gold:   190        SH:  5    Dex: 17    Spells: 3/8 levels left

rFire   . . .      SeeInvis .     - Unarmed
rCold   . . .      Faith    .   g - +0 buckler
rNeg    . . .      Spirit   .   v - +0 leather armour
rPois   .          Reflect  .   j - +0 helmet
rElec   .          Harm     .   (no cloak)
rCorr   .          Rampage  .   (no gloves)
Will    .....                   (no boots)
Stlth   +.........              (no amulet)
HPRegen 0.19/turn               (no ring)
MPRegen 0.13/turn               (no ring)

@: no status effects
A: high MP 1, forlorn, divine attributes
a: no special abilities


You were on level 5 of the Dungeon.
You visited 2 branches of the dungeon, and saw 6 of its levels.

You collected 190 gold pieces.

Inventory:

Hand Weapons
 b - a +0 hunting sling
 f - a +0 dagger
 h - a +1 short sword of venom
 o - a +0 dagger of holy wrath
Missiles
 d - a poisoned dart (quivered)
 e - 30 sling bullets
 k - 3 throwing nets
Armour
 a - a +0 scale mail
 g - a +0 buckler (worn)
 j - a +0 helmet (worn)
 p - a +0 ring mail
 v - a +0 leather armour (worn)
Jewellery
 n - an amulet of regeneration
Wands
 s - a wand of iceblast (12)
Scrolls
 r - 2 scrolls of identify
 t - a scroll of enchant weapon
 u - a scroll of immolation {unknown}
Potions
 c - a potion of might
 i - a potion of brilliance {unknown}
 l - 3 potions of degeneration {unknown}
 m - 2 potions of haste {unknown}
 q - a potion of resistance {unknown}


   Skills:
 - Level 4.2 Fighting
 - Level 4.2 Armour
 - Level 1.7 Dodging
 - Level 4.3 Shields
 - Level 3.7 Unarmed Combat
 + Level 1.4 Spellcasting
 + Level 1.4 Transmutations
 + Level 1.5 Fire Magic
 + Level 1.4 Air Magic
 + Level 1.5 Poison Magic


You had 3 spell levels left.
You knew the following spells:

 Your Spells              Type           Power      Damage    Failure   Level
a - Ignite Poison         Fire/Tmut/Pois 5%         N/A       54%         3
b - Poisonous Vapours     Pois/Air       10%        N/A       32%         2

Your spell library contained the following spells:

 Spells                   Type           Power      Damage    Failure   Level
 Sting                    Tmut/Pois      20%        1d4       22%         1
 Conjure Flame            Conj/Fire      3%         6-21      65%         3
 Olgreb's Toxic Radiance  Pois           5%         N/A       91%         4
 Sticky Flame             Conj/Fire      3%         2d3       96%         4


Dungeon Overview and Level Annotations

Branches:
Dungeon (5/15)             Temple (1/1) D:4

Shops:
D:2 =

Annotations:
D:2 1 runed translucent door, Crazy Yiuf


Innate Abilities, Weirdness & Mutations

You have an increased reservoir of magic. (+10% MP)
You shall have no god before yourself.
Your divine heritage dramatically boosts your attributes as you level up.


Message History

Press: ? - help, Dir - move target, f - ogre
Aim: an ogre, wielding a +0 giant club (wandering, hasn't noticed you)
You miscast Poisonous Vapours.
You are very lightly contaminated with residual magic.
Nothing appears to happen.
The ogre shouts!
Casting: Poisonous Vapours (dangerous; 32% risk of failure)
Confirm with . or Enter, or press ? or * to list all spells.
Aiming: Poisonous Vapours (dangerous; 32% risk of failure)
Press: ? - help, Dir - move target, f/p - ogre
Aim: an ogre, wielding a +0 giant club Poisonous vapours surround the ogre!
The ogre is poisoned.
You punch the ogre!
The ogre is moderately wounded.
The ogre hits you with a +0 giant club!!
* * * LOW HITPOINT WARNING * * *
You hit the ogre but do no damage.
The ogre is moderately wounded.
You hit the ogre but do no damage.
The ogre is moderately wounded.
The ogre closely misses you.
You hit the ogre.
The ogre is heavily wounded.
The ogre hits you with a +0 giant club!!
* * * LOW HITPOINT WARNING * * *
You barely miss the ogre.
The ogre is heavily wounded.
The ogre hits you with a +0 giant club.
* * * LOW HITPOINT WARNING * * *
You hit the ogre.
The ogre is almost dead.
Your magical contamination has completely faded away.
Casting: Poisonous Vapours (dangerous; 32% risk of failure)
Confirm with . or Enter, or press ? or * to list all spells.
Aiming: Poisonous Vapours (dangerous; 32% risk of failure)
Press: ? - help, Dir - move target, f/p - ogre
Aim: an ogre, wielding a +0 giant club (almost dead, poisoned) Poisonous vapours surround the ogre!
The ogre looks even sicker.
The ogre hits you with a +0 giant club!!
You die...

#.# ## ##
.....#....#
......#.##.#
...). .....#
......#.#..###.#
......#........#
..........#
..#..#.#..#
#....O@<#
......######
######


You could see an ogre (very poisoned).

Vanquished Creatures
  Edmund (D:4)
  A water moccasin (D:5)
  A black bear (D:4)
  A phantom (D:4)
  A scorpion (D:5)
  A howler monkey (D:5)
  A centaur zombie (D:4)
  2 hounds
  A bullfrog skeleton (D:4)
  A jelly (D:4)
  2 iguanas (D:5)
  An orc wizard (D:3)
  A hound zombie (D:5)
  A hound skeleton (D:3)
  Robin (D:2)
  6 adders
  3 gnolls (D:2)
  An ufetubus (D:4)
  2 adder skeletons (D:4)
  4 worms
  3 dart slugs
  7 orcs
  5 bats
  9 endoplasms
  5 giant cockroaches
  14 goblins
  7 hobgoblins
  7 jackals
  2 quokkas
  3 ball pythons
  2 frilled lizards
  7 kobolds
  4 rats
108 creatures vanquished.

Notes
Turn   | Place    | Note
-------+----------+-------------------------------------------
     0 | D:1      | pkoi the Demigod Fighter began the quest for the Orb.
     0 | D:1      | Reached XP level 1. HP: 18/18 MP: 3/3
   464 | D:1      | Reached XP level 2. HP: 12/25 MP: 4/4
  1523 | D:1      | Reached XP level 3. HP: 27/31 MP: 5/5
  2071 | D:2      | Noticed Robin
  2096 | D:2      | Killed Robin
  2501 | D:2      | Reached XP level 4. HP: 23/38 MP: 6/6
  3395 | D:2      | Found Xiefox's Jewellery Shop.
  3483 | D:2      | Found a runed translucent door.
  3484 | D:2      | Noticed Crazy Yiuf
  3796 | D:3      | Reached XP level 5. HP: 9/45 MP: 7/7
  5178 | D:4      | Learned a level 3 spell: Ignite Poison
  5254 | D:4      | Reached XP level 6. HP: 24/52 MP: 8/8
  5570 | D:4      | Found a staircase to the Ecumenical Temple.
  5588 | D:4      | Learned a level 2 spell: Poisonous Vapours
  5593 | Temple   | Entered the Ecumenical Temple
  6224 | D:4      | Noticed Edmund
  6271 | D:4      | Killed Edmund
  6272 | D:4      | Reached skill level 1 in Dodging
  6272 | D:4      | Reached skill level 1 in Fire Magic
  6272 | D:4      | Reached skill level 1 in Poison Magic
  6272 | D:4      | Reached XP level 7. HP: 59/59 MP: 9/11
  6354 | D:4      | Reached skill level 1 in Transmutations
  6536 | D:4      | Reached skill level 1 in Spellcasting
  6623 | D:5      | Entered Level 5 of the Dungeon
  6638 | D:5      | Reached skill level 1 in Air Magic
  8242 | D:5      | Mangled by an ogre

Illustrated notes

Levels and vault maps discovered:
D:1:      dpeg_arrival_snail, layout_basic, ebering_ecumenical_altar_petrified,
          minivault_26, chequers_serial_rivers_micro_c, minmay_tromino_v7
D:2:      layout_basic, serial_shops, nicolae_shop_behind_doors, uniq_robin,
          uniq_crazy_yiuf_cottage
D:3:      layout_basic
D:4:      layout_rooms, makhleb_blood_cavern_becter,
          mainiacjoe_overflow_boulevard, minmay_temple_entry_offerings,
          grunt_ministairs_15, uniq_edmund
D:5:      layout_loops_corners, kennysheep_generic_room_11, uniq_blork_the_orc
Temple:   nicolae_temple_figure_zero

Skill      XL: |  1  2  3  4  5  6  7 |
---------------+----------------------+-----
Unarmed Combat | 2 3 |  3.7
Shields        | 3 4 |  4.3
Armour         | 3 4 |  4.2
Fighting       | 3 4 |  4.2
Dodging        | 1 |  1.7
Fire Magic     | 1 |  1.5
Poison Magic   | 1 |  1.5
Transmutations | 1 |  1.4
Spellcasting   | 1 |  1.4
Air Magic      | 1 |  1.4

Action                   |  1- 3 |  4- 6 |  7- 9 || total
-------------------------+-------+-------+-------++-------
Melee: Unarmed           |   219 |   122 |    81 ||   422
       Short sword       |       |    92 |    26 ||   118
 Fire: Hunting sling     |    33 |     8 |       ||    41
Throw: Dart              |     3 |     8 |     4 ||    15
 Cast: Poisonous Vapours |       |       |     2 ||     2
Evoke: Wand              |       |       |     2 ||     2
  Use: Scroll            |     3 |     2 |       ||     5
       Potion            |     1 |       |       ||     1
Armor: Scale mail        |   106 |    43 |       ||   149
       Ring mail         |       |    29 |    18 ||    47
       Leather armour    |       |       |     2 ||     2
Dodge: Dodged            |    88 |    96 |    36 ||   220
Block: Buckler           |    45 |    43 |    25 ||   113
